 Dungeon Sprint DCSS version 0.21-a0-39-g28ea6b7 (webtiles) character file.

10 Kidiri the Magician (level 2, -1/16 HPs)
             Began as a Deep Elf Fire Elementalist on May 31, 2017.
             Slain by a merfolk siren
             ... wielding a +0 spear
              (11 damage)
             ... in the Dungeon (Sprint II: "The Violet Keep of Menkaure").
             The game lasted 00:01:01 (159 turns).

Kidiri the Magician (Deep Elf Fire Elementalist)     Turns: 159, Time: 00:01:01

Health: -1/16      AC:  2    Str:  5    XL:     2   Next: 10%
Magic:  8/9        EV: 13    Int: 19    God:
Gold:   243        SH:  0    Dex: 15    Spells: 6/9 levels left

rFire    . . .     SeeInvis .   (no weapon)
rCold    . . .     Gourm    .   (no shield)
rNeg     . . .     Faith    .   a - +0 robe
rPois    .         Spirit   .   (no helmet)
rElec    .         Reflect  .   (no cloak)
rCorr    .         Harm     .   (no gloves)
MR       .....     NoTele   +   (no boots)
Stlth    ++........             (no amulet)
Regen    0.1/turn               (no ring)
MPRegen  0.2/turn               (no ring)

@: very slightly contaminated
A: no striking features
a: no special abilities


You were in the Dungeon.
You were not hungry.

You visited 1 branch You collected 243 gold pieces.

Inventory:

Armour
 a - a +0 robe (worn)
Scrolls
 i - a scroll of blinking
Potions
 e - a potion of heal wounds
 f - a potion of haste
 g - a potion of magic
 h - a potion of berserk rage
Books
 b - a book of Flames

   Spells                             Type                      Level
   a - Flame Tongue                   Conjuration/Fire             1
   b - Throw Flame                    Conjuration/Fire             2
   c - Conjure Flame                  Conjuration/Fire             3
   d - Inner Flame                    Hexes/Fire                   3
   e - Sticky Flame                   Conjuration/Fire             4
   f - Fireball                       Conjuration/Fire             5
Comestibles
 c - a bread ration
 j - a chunk of flesh


   Skills:
 + Level 1.0 Fighting
 + Level 1.0 Armour
 + Level 3.1 Dodging
 - Level 2.4 Stealth
 * Level 4.3 Spellcasting
 + Level 1.9 Conjurations
 + Level 3.6 Fire Magic


You had 6 spell levels left.
You knew the following spells:

 Your Spells              Type           Power        Failure   Level  Hunger
a - Flame Tongue          Conj/Fire      ##...        4%          1    None
b - Throw Flame           Conj/Fire      ##....       6%          2    #......


Dungeon Overview and Level Annotations

Branches:
Dungeon (1/1)

Altars:


Message History

Casting: Flame Tongue
Confirm with . or Enter, or press ? or * to list all spells.
Aiming: Flame Tongue
Press: ? - help, Shift-Dir - straight line, f/p - merfolk siren
Aim: a merfolk siren, wielding a spear (lightly wounded)
The flame tongue hits the merfolk siren.
The merfolk siren is moderately wounded.
The merfolk siren hits you from afar with a spear.
You feel better. The merfolk siren closely misses you.
Casting: Flame Tongue
Confirm with . or Enter, or press ? or * to list all spells.
Aiming: Flame Tongue
Press: ? - help, Shift-Dir - straight line, f/p - merfolk siren
Aim: a merfolk siren, wielding a spear (moderately wounded)
The flame tongue hits the merfolk siren.
The merfolk siren appears unharmed.
The merfolk siren is moderately wounded.
The merfolk siren hits you from afar with a spear!
Ouch! That really hurt!
You die...

#≈≈#+++#+++##
≈≈≈.........#
#+## #.#.##
#w##..# #
###..## ##.
#+##
#...##.##
#$m.@.+
#...##.## ##.
#+# #


You could see a merfolk siren.

Vanquished Creatures
  3 worms (D)
3 creatures vanquished.

Vanquished Creatures (others)
  Menkaure (D)
  A crocodile (D)
2 creatures vanquished.

Grand Total: 5 creatures vanquished

Notes
Turn   | Place    | Note
-------+----------+-------------------------------------------
     0 | D        | Kidiri the Deep Elf Fire Elementalist began the quest for the Orb.
     0 | D        | Reached XP level 1. HP: 10/10 MP: 6/6
     7 | D        | Killed a crocodile
     9 | D        | Reached skill level 4 in Spellcasting
    21 | D        | Killed Menkaure
    72 | D        | Noticed an electric eel
    72 | D        | Noticed an electric eel
    73 | D        | Noticed an electric eel
    73 | D        | Noticed an electric eel
    73 | D        | Noticed an electric eel
    82 | D        | Reached skill level 1 in Fighting
    82 | D        | Reached skill level 1 in Armour
    82 | D        | Reached XP level 2. HP: 16/16 MP: 3/9
    86 | D        | Learned a level 2 spell: Throw Flame
   140 | D        | Noticed a merfolk siren
   159 | D        | Slain by a merfolk siren

Vault maps used:
D:        the_violet_keep_of_menkaure

Skill      XL: |  1 |
---------------+----+-----
Spellcasting   | 4 |  4.3
Fighting       | 1 |  1.0
Armour         | 1 |  1.0
Dodging        | 3 |  3.1
Stealth        | |  2.4
Conjurations   | |  1.9
Fire Magic     | |  3.6

Action                   || total
-------------------------++-------
 Cast: Flame Tongue      ||    21
  Use: Potion            ||     2
Dodge: Dodged            ||     1
